 Dungeon Crawl Stone Soup version 0.29-a0-23-ga79f92a (webtiles) character file.

Game seed: 10467500257194843430

11417 Illumine the Spear-Bearer (level 11, -14/90 HPs)
             Began as a Merfolk Gladiator on Jan 30, 2022.
             Was an Elder of Okawaru.
             Killed from afar by a gargoyle (20 damage)
             ... with a stone arrow
             ... on level 10 of the Dungeon.
             The game lasted 00:31:13 (12056 turns).

Illumine the Spear-Bearer (Merfolk Gladiator)      Turns: 12056, Time: 00:31:13

Health: -14/90     AC: 17    Str: 32    XL:     11   Next: 77%
Magic:  0/15       EV: 11    Int:  8    God:    Okawaru [****..]
Gold:   607        SH:  0    Dex: 17    Spells: 12/12 levels left

rFire   . . .      SeeInvis .   C - +1 spear (freeze)
rCold   + . .      Faith    .   (no shield)
rNeg    . . .      Spirit   +   k - +0 chain mail of Waoc {Str+5}
rPois   +          Reflect  .   c - +0 helmet
rElec   .          Harm     .   s - +2 cloak {rPois}
rCorr   +          Rampage  .   m - +1 pair of gloves of Slovenliness {rC+ Str+2}
Will    .....                   (no boots)
Stlth   ..........              y - amulet of guardian spirit
HPRegen 0.25/turn               n - ring of Moral Flaws {Fly rCorr Str+6 Dex+2}
MPRegen 0.14/turn               B - +4 ring of slaying

@: marked, on berserk cooldown, flying, slowed, studying Shields, very slow
A: (nimble swimmer 2), mertail
a: Renounce Religion, Heroism, Finesse


You were on level 10 of the Dungeon.
You worshipped Okawaru.
Okawaru was greatly pleased with you.
You visited 3 branches of the dungeon, and saw 13 of its levels.
You also visited: Sewer and Bailey.

You collected 607 gold pieces.

Inventory:

Hand Weapons
 C - a +1 spear of freezing (weapon)
 M - a +2 vorpal spear
 N - a +0 bardiche
Missiles
 a - 4 javelins
 d - 11 throwing nets
 l - 22 poisoned darts (quivered)
 w - 3 silver boomerangs
 G - 4 boomerangs of dispersal
 O - 2 boomerangs
Armour
 c - a +0 helmet (worn)
 k - the +0 chain mail of Waoc (worn) {Str+5}
   (You acquired it on level 4 of the Dungeon)

   Str:       It affects your strength (+5).
 m - the +1 pair of gloves of Slovenliness (worn) {rC+ Str+2}
   (You acquired it on level 4 of the Dungeon)

   Str:       It affects your strength (+2).
   rC:        It protects you from cold.
 s - a +2 cloak of poison resistance (worn)
 K - the +6 scale mail "Erghes Yxtapp" {Int+4}
   (You found it on level 7 of the Dungeon)

   Int:       It affects your intelligence (+4).
 P - a +0 crystal plate armour
 R - a +0 kite shield
Jewellery
 f - a ring of ice
 n - the ring of Moral Flaws (left hand) {Fly rCorr Str+6 Dex+2}
   (You acquired it on level 4 of the Dungeon)

   [ring of flight]

   Str:       It affects your strength (+6).
   Dex:       It affects your dexterity (+2).
   Fly:       It grants you flight.
   rCorr:     It protects you from acid and corrosion.
 y - an amulet of guardian spirit (around neck)
 B - a +4 ring of slaying (right hand)
 I - a ring of positive energy
Wands
 i - a wand of flame (24)
 t - a wand of polymorph (6)
 E - a wand of mindburst (12)
Scrolls
 h - a scroll of torment {unknown}
 o - a scroll of magic mapping
 p - a scroll of teleportation {unknown}
 r - a scroll of silence {unknown}
 x - 3 scrolls of vulnerability
 z - a scroll of immolation {unknown}
 A - a scroll of enchant armour {unknown}
 H - a scroll of fear
 L - a scroll of amnesia {unknown}
Potions
 e - 2 potions of attraction
 q - 2 potions of mutation
 u - a potion of brilliance
 v - a potion of berserk rage
 J - a potion of heal wounds {unknown}
 Q - a potion of might {unknown}
Miscellaneous
 D - a phial of floods (inert)


   Skills:
 + Level 10.1 Fighting
 - Level 12.9 Polearms
 - Level 5.7 Throwing
 + Level 6.2 Armour
 - Level 4.5 Dodging
 * Level 6.5 Shields
 - Level 1.1 Spellcasting
 + Level 5.8 Invocations
 - Level 5.2 Evocations


You had 12 spell levels left.
You didn't know any spells.
Your spell library contained the following spells:

 Spells                   Type           Power      Damage    Failure   Level
 Dazzling Flash           Conj/Hex       0%         N/A       99%         3
 Frozen Ramparts          Ice            0%         1d2       99%         3
 Ignite Poison            Fire/Tmut/Pois 0%         N/A       99%         3
 Mephitic Cloud           Conj/Pois/Air  0%         N/A       99%         3
 Ice Form                 Ice/Tmut       0%         N/A       100%        4
 Iskenderun's Mystic Bla  Conj/Tloc      0%         2d3       100%        4
 Freezing Cloud           Conj/Ice/Air   0%         6-21      100%        5
 Starburst                Conj/Fire      0%         6d3       100%        6
 Orb of Destruction       Conj           0%         9d5       100%        7
 Summon Guardian Golem    Hex/Summ       Unusable   N/A       N/A         3
 Summon Ice Beast         Ice/Summ       Unusable   N/A       N/A         4
 Spellforged Servitor     Conj/Summ      Unusable   N/A       N/A         7

Dungeon Overview and Level Annotations

Branches:
Dungeon (11/15)            Temple (1/1) D:7            Lair (0/6) D:10
    Orc (1/2) D:9           Sewer (visited)          Bailey (visited)

Altars:
Ashenzari
Cheibriados
Dithmenos
Elyvilon
Fedhas
Gozag
Hepliaklqana
Kikubaaqudgha
Makhleb
Nemelex Xobeh
Okawaru
Qazlal
Ru
Sif Muna
Trog
Uskayaw
Vehumet
Wu Jian
Xom
Yredelemnul
Zin
The Shining One

Shops:
D:7 =   D:8 (

Annotations:
D:10 Fannar
D:11 Snorg
Orc:1 Harold


Innate Abilities, Weirdness & Mutations

((You are very nimble when in or above water. (Stealth+, EV+, Speed+++)))
Your lower body shifts to a powerful aquatic tail in water.


Message History

Unknown command.
You puncture the gargoyle! You freeze the gargoyle.
The gargoyle is heavily damaged.
The centaur barely misses you.
The centaur kicks you but does no damage.
You puncture the gargoyle! You freeze the gargoyle!
You destroy the gargoyle!
Okawaru is honoured by your kill.
You completely miss the centaur.
The centaur is moderately wounded.
The centaur hits you but does no damage.
The centaur kicks you but does no damage.
You hit the centaur. You freeze the centaur.
The centaur is heavily wounded.
You puncture the centaur! You freeze the centaur.
You kill the centaur!
Okawaru accepts your kill.
a - 4 javelins (gained 2)
You now have 607 gold pieces (gained 13).
Things that are here:
a +0 vorpal longbow; 18 arrows You feel a strong urge to attack something.
You start resting.
You feel your anger nearly subside.
You are no longer berserk.
You are exhausted.
You feel yourself slow down.
You start resting.
A gargoyle comes into view. It is wielding a +0 morningstar.
A gargoyle comes into view. It is wielding a +0 mace of distortion.
The gargoyle pulls the alarm!
The alarm trap emits a blaring wail!
A sentinel's mark forms upon you.
You hear a deafening roar!
The gargoyle hurls a stone arrow at you.
The stone arrow hits you!
* * * LOW HITPOINT WARNING * * *
Found 9 stones.
The gargoyle hurls a stone arrow at you.
The stone arrow hits you!!
You die...

###### ##########* #....#
#.......(,* #....#
#.......,,*******##### #...>#
#......,,,,,,,,,,,....
#....######...#############.##
#............@..9......)))...#
#....#####..###...#######)...#
#....# #.#*##.###,***8###...
#....# #.# #..#8**+,+**8#...
#....#####.###.##*+,,,,,+*##..
####....>>.....#,*,,,,,,,*8#..
##...####.###9#*+,,,,........
#...##**#.#*#.#*,,,,8........
#<#.#*,,...,#.#*+,,,,......hc


You could see a gargoyle.

Vanquished Creatures
  A two-headed ogre (D:7)
  A centaur warrior (D:10)
  3 gargoyles (D:10)
  Psyche (D:8)
  Grinder (D:6)
  Prince Ribbit (D:5)
  Sigmund (D:4)
  A shadow (D:11)
  Eustachio (D:6)
  A wyvern (D:7)
  A steam dragon (D:8)
  Grum (Bailey)
  3 yaks (D:9)
  Menkaure (D:7)
  An acid dragon (D:9)
  Duvessa (D:5)
  A water moccasin (D:8)
  3 ice beasts (D:7)
  8 orc warriors
  A necrophage (D:5)
  2 black bears (D:6)
  6 wolves (Bailey)
  4 ogres
  5 centaurs
  2 kobold brigands
  Blork the orc (D:5)
  8 bullfrogs
  9 gnoll sergeants
  A scorpion (D:4)
  A water moccasin skeleton (D:7)
  A water moccasin zombie (D:4)
  Dowan (D:5)
  9 killer bees
  9 wights
  An electric eel (D:6)
  2 vampire bats (D:5)
  6 howler monkeys
  6 gnoll shamans (Bailey)
  12 orc priests
  2 centaur skeletons
  3 centaur zombies
  3 hounds
  A jelly (D:5)
  3 iguanas
  11 orc wizards
  A scorpion zombie (D:5)
  A killer bee zombie (D:8)
  24 gnolls
  A howler monkey skeleton (D:6)
  8 adders
  2 river rats (Sewer)
  An ufetubus (D:7)
  4 worms
  3 dart slugs (D:1)
  27 orcs
  9 bats
  3 bat skeletons (D:5)
  3 bat zombies (D:5)
  8 endoplasms
  5 giant cockroaches
  9 hobgoblins
  4 jackals (D:3)
  9 quokkas
  5 ball pythons
  4 frilled lizards
  2 goblins (D:1)
  7 kobolds
  2 rats (D:1)
284 creatures vanquished.

Vanquished Creatures (others)
  An orc (D:8)
  5 plants
6 creatures vanquished.

Grand Total: 290 creatures vanquished

Notes
Turn   | Place    | Note
-------+----------+-------------------------------------------
     0 | D:1      | Illumine the Merfolk Gladiator began the quest for the Orb.
     0 | D:1      | Reached XP level 1. HP: 16/16 MP: 1/1
   145 | D:1      | Reached XP level 2. HP: 23/23 MP: 2/2
   224 | D:1      | Reached skill level 5 in Polearms
   460 | D:1      | Reached XP level 3. HP: 11/28 MP: 3/3
  1069 | D:2      | You fall into a shaft and drop 2 floors!
  1070 | D:4      | Identified 3 scrolls of acquirement
  1070 | D:4      | Acquired the +1 pair of gloves of Slovenliness {rC+ Str+2}
  1071 | D:4      | Acquired the +0 chain mail of Waoc {Str+5}
  1072 | D:4      | Acquired the ring of Moral Flaws {Fly rCorr Str+6 Dex+2}
  1098 | D:4      | Reached skill level 6 in Polearms
  1098 | D:4      | Reached XP level 4. HP: 32/35 MP: 4/4
  1107 | D:4      | Noticed a kobold brigand
  1107 | D:4      | Noticed a scorpion
  1140 | D:4      | Noticed an ogre
  1660 | D:3      | Reached XP level 5. HP: 40/41 MP: 5/5
  1716 | D:3      | Found a glowing drain.
  1722 | D:3      | Reached skill level 1 in Armour
  1731 | Sewer    | Entered a sewer
  1948 | Sewer    | Reached skill level 7 in Polearms
  2128 | D:3      | Reached XP level 6. HP: 46/48 MP: 6/6
  2471 | D:4      | Acquired a +2 cloak of poison resistance
  2472 | D:4      | Acquired a manual of Shields
  2548 | D:4      | Reached skill level 8 in Polearms
  2648 | D:4      | Found an iron altar of Okawaru.
  2705 | D:4      | Reached XP level 7. HP: 26/55 MP: 7/7
  2964 | D:4      | Noticed Sigmund
  2979 | D:4      | Killed Sigmund
  2980 | D:4      | Reached skill level 9 in Polearms
  3249 | D:4      | Reached skill level 5 in Fighting
  3517 | D:5      | Entered Level 5 of the Dungeon
  3721 | D:5      | Reached skill level 10 in Polearms
  3855 | D:5      | Reached XP level 8. HP: 63/63 MP: 8/8
  3956 | D:5      | Noticed Blork the orc
  3965 | D:5      | Killed Blork the orc
  4108 | D:5      | Found a snail-covered altar of Cheibriados.
  4223 | D:5      | Noticed Dowan
  4276 | D:6      | Found a white marble altar of Elyvilon.
  4298 | D:5      | Reached skill level 11 in Polearms
  4775 | D:6      | Noticed Grinder
  4801 | D:7      | Noticed Menkaure
  4801 | D:7      | Noticed a two-headed ogre
  5104 | D:6      | Paralysed by Grinder for 4 turns
  5111 | D:6      | Killed Grinder
  5112 | D:6      | Reached skill level 12 in Polearms
  5112 | D:6      | Reached XP level 9. HP: 57/71 MP: 7/9
  5662 | D:6      | Noticed Eustachio
  5685 | D:6      | Killed Eustachio
  5856 | D:5      | Reached skill level 1 in Evocations
  5928 | D:5      | Noticed Duvessa
  5952 | D:5      | Killed Duvessa
  5953 | D:5      | Reached skill level 1 in Spellcasting
  5965 | D:5      | Killed Dowan
  6098 | D:5      | Found an ancient bone altar of Kikubaaqudgha.
  6157 | D:5      | Noticed Prince Ribbit
  6165 | D:5      | Killed Prince Ribbit
  7017 | D:7      | Reached XP level 10. HP: 80/80 MP: 11/11
  7089 | D:7      | Found a staircase to the Ecumenical Temple.
  7099 | Temple   | Entered the Ecumenical Temple
  7399 | D:4      | Became a worshipper of Warmaster Okawaru
  7526 | D:7      | Killed Menkaure
  7571 | D:7      | Reached skill level 1 in Invocations
  7612 | D:7      | Killed a two-headed ogre
  7642 | D:7      | Identified the +6 scale mail "Erghes Yxtapp" {Int+4}
  7767 | D:7      | Found Ablafuusan's Jewellery Boutique.
  7902 | D:8      | Found Zathreg's Weapon Shop.
  7961 | D:8      | Noticed Psyche
  8071 | D:8      | Found a shimmering blue altar of Sif Muna.
  8097 | D:8      | Reached * piety under Okawaru
  8144 | D:8      | Found a flagged portal.
  8160 | Bailey   | Entered a bailey
  8190 | Bailey   | Reached skill level 5 in Armour
  8557 | Bailey   | Reached skill level 5 in Throwing
  8693 | Bailey   | Noticed Grum
  8704 | Bailey   | Identified the +5 fustibalus of Fedhas's Grace {vorpal,
                  | Drain Fragile rPois rF+++ Int+5}
  8729 | Bailey   | Killed Grum
  9462 | D:8      | Paralysed by something for 6 turns
  9472 | D:8      | Killed Psyche
  9472 | D:8      | Reached ** piety under Okawaru
  9565 | D:8      | Reached skill level 5 in Evocations
  9565 | D:8      | Reached XP level 11. HP: 85/89 MP: 14/14
  9797 | D:8      | Found a blossoming altar of Fedhas.
  9822 | D:8      | Found a hazy altar of Hepliaklqana.
 10129 | D:9      | Reached skill level 1 in Shields
 10301 | D:8      | Reached *** piety under Okawaru
 10970 | D:9      | Reached skill level 5 in Invocations
 11026 | D:9      | Found a glowing golden altar of the Shining One.
 11524 | D:9      | Found a staircase to the Orcish Mines.
 11534 | Orc:1    | Entered Level 1 of the Orcish Mines
 11724 | Orc:1    | Noticed Harold
 11729 | Orc:1    | Noticed an orc sorcerer
 11729 | Orc:1    | Noticed an ettin
 11793 | D:10     | Entered Level 10 of the Dungeon
 11794 | D:10     | Noticed Fannar
 11863 | D:11     | Noticed a cyclops
 11864 | D:11     | Noticed Snorg
 11955 | D:10     | Noticed a centaur warrior
 11993 | D:10     | Killed a centaur warrior
 11994 | D:10     | Reached skill level 5 in Shields
 12003 | D:10     | Reached **** piety under Okawaru
 12003 | D:10     | Received a gift from Okawaru
 12020 | D:10     | Reached skill level 10 in Fighting
 12025 | D:10     | HP: 2/135 [gargoyle (9)]
 12056 | D:10     | Killed from afar by a gargoyle

Illustrated notes

Levels and vault maps discovered:
D:1:      wander_arrival_fairy_ring, layout_loops_ring
D:2:      layout_basic, kennysheep_generic_room_7
D:3:      layout_loops_ring, gup_sewer_entry_pipe, st_stairs_7,
          chequers_serial_rivers_micro_c, grunt_ministairs_7
D:4:      layout_basic, okawaru_gym_becter, uniq_sigmund
D:5:      layout_gridville, mainiacjoe_overflow_paths,
          kennysheep_vampire_church, uniq_duvessa, uniq_blork_the_orc,
          uniq_prince_ribbit1
D:6:      layout_basic, nicolae_elyvilon_temple_path, uniq_eustachio,
          uniq_grinder
D:7:      layout_rooms, minmay_temple_entry_glassed_door, serial_shops, shop,
          uniq_menkaure
D:8:      layout_basic, general_overflow_altar, lemuel_doored_altar,
          mainiacjoe_overflow_chevrons, enter_bailey_2, serial_glass,
          glass_columns_b, glass_columns_b, glass_columns_a, glass_columns_a,
          glass_columns_a, glass_columns_a, glass_columns_b, glass_columns_c,
          glass_columns_a, glass_columns_b, serial_shops, shop,
          kennysheep_flooded_box, minmay_joined_circles, uniq_psyche
D:9:      layout_gridville, nicolae_tso_swordbearing_angel, david_orc_4
D:10:     cheibrodos_statue_roulette, layout_rooms, dpeg_lair_monsters,
          serial_shops, nicolae_shop_trees, uniq_sonja, uniq_fannar,
          uniq_josephine
D:11:     layout_basic, uniq_snorg
Temple:   dpeg_chambers_temple
Orc:1:    layout_caves, nicolae_orc_crystal_geode, uniq_harold

Skill      XL: |  1  2  3  4  5  6  7  8  9 10 11 |
---------------+----------------------------------+-----
Polearms       | 5 6 7 8 10 12 | 12.9
Fighting       | 3 4 5 6 7 9 10 | 10.1
Armour         | 1 2 3 4 5 6 |  6.2
Evocations     | 2 5 |  5.2
Spellcasting   | 1 |  1.1
Throwing       | 3 5 |  5.7
Invocations    | 4 5 |  5.8
Shields        | 6 |  6.5
Dodging        | |  4.5

Action                   |  1- 3 |  4- 6 |  7- 9 | 10-12 || total
-------------------------+-------+-------+-------+-------++-------
Melee: Trident           |    85 |   141 |       |       ||   226
       Halberd           |       |    20 |   172 |       ||   192
       Spear             |       |       |   132 |   550 ||   682
       Punch             |       |       |     3 |    13 ||    16
Throw: Throwing net      |       |       |     3 |       ||     3
       Dart              |       |       |       |    10 ||    10
Invok: Heroism           |       |       |       |     1 ||     1
Evoke: Wand              |       |       |       |     6 ||     6
       Phial of floods   |       |       |       |     1 ||     1
  Use: Scroll            |     3 |     4 |     4 |     7 ||    18
       Potion            |       |       |     2 |     4 ||     6
 Stab: Sleeping          |     4 |       |       |       ||     4
       Distracted        |     1 |       |       |       ||     1
Armor: Leather armour    |    14 |       |       |       ||    14
       Robe              |    11 |       |       |       ||    11
       Chain mail        |     2 |    76 |   116 |   156 ||   350
       Skin              |       |       |       |    22 ||    22
Dodge: Dodged            |    48 |    82 |   131 |   181 ||   442

Table legend: (Time is in decaauts)
 A = Elapsed time spent in this place.
 B = Non-inter-level travel time spent in this place.
 C = Inter-level travel time spent in this place.
 D = Time resting spent in this place.
 E = Time spent auto-exploring this place.
 F = Levels seen in this place.
 G = Mean time per level.
                   A        B        C        D        E       F      G
               +--------+--------+--------+--------+--------+-----+--------+
         Total |  11658 |  11088 |    570 |   2426 |   5665 |  15 |  777.2 |
       Dungeon |  10224 |   9677 |    547 |   2006 |   5230 |  11 |  929.5 |
        Temple |    226 |    203 |     23 |      0 |    191 |   1 |  226.0 |
  Orcish Mines |     33 |     33 |      0 |      0 |      0 |   1 |   33.0 |
         Sewer |    298 |    298 |      0 |    112 |     42 |   1 |  298.0 |
        Bailey |    875 |    875 |      0 |    308 |    201 |   1 |  875.0 |
               +--------+--------+--------+--------+--------+-----+--------+

Top non-repeatable levels by time:
     D:5: 1727 daAuts
     D:4: 1581 daAuts
     D:9: 1401 daAuts
     D:8: 1379 daAuts
     D:6: 1378 daAuts
     D:1: 1056 daAuts
  Bailey: 875 daAuts
     D:3: 820 daAuts
     D:7: 634 daAuts
   Sewer: 298 daAuts
  Temple: 226 daAuts
    D:10: 175 daAuts
    D:11: 52 daAuts
   Orc:1: 33 daAuts
     D:2: 17 daAuts
